 Dungeon Crawl Stone Soup version 0.31-a0-981-geadf994542 (webtiles) character file.

Game seed: 2644070253532820179

184 mattiecakes the Changeling (level 5, -7/40 HPs)
             Began as a Djinni Shapeshifter on Nov 1, 2023.
             Killed by nerve-wracking pain
             ... invoked by an orc priest
              (9 damage)
             ... on level 4 of the Dungeon.
             The game lasted 00:08:02 (3522 turns).

mattiecakes the Changeling (Djinni Shapeshifter)    Turns: 3522, Time: 00:08:03

Health: -7/40      AC:  2    Str: 13    XL:     5   Next: 96%
Gold:   321        EV: 10    Int: 13    God:
                   SH:  8    Dex: 13

rFire   + +          .
                       - Unarmed
rCold   x . .        l - +0 kite shield
rNeg    . . .        a - +0 animal skin
rPois   ∞            i - melded +0 helmet
rElec   .            (cloak currently unavailable)
rCorr   .            (gloves currently unavailable)
SInv    .            (boots unavailable)
Will    .....        (no amulet)
Stlth   +            (no ring)
HPRegen 0.26/turn    (no ring)
MPRegen 0.00/turn

%: infuse magic (-8 HP)
@: beast-form, flying
A: beast (slay +2), flying, sickness immunity, fire resistance 2, cold
vulnerability 1, float, innate caster, HP casting, extra vitality 1
a: Begin Untransformation


You were on level 4 of the Dungeon.
You were a hulking beast.
You visited 1 branch of the dungeon, and saw 4 of its levels.

You collected 321 gold pieces.

Inventory:

Missiles
 q - a throwing net
Armour
 a - a +0 animal skin (worn)
 i - a +0 helmet (melded)
 l - a +0 kite shield (worn)
Talismans
 c - a beast talisman (active)
 d - a flux talisman
Scrolls
 g - 2 scrolls of poison {unknown}
 j - a scroll of enchant armour {unknown}
 m - a scroll of identify {unknown}
 n - a scroll of revelation {unknown}
 o - 2 scrolls of silence {unknown}
 p - a scroll of teleportation {unknown}
 r - 2 scrolls of blinking {unknown}
Potions
 b - 2 potions of lignification
 e - a potion of haste
 k - a potion of degeneration


   Skills:
 + Level 3.4 Fighting
 - Level 2.1 Dodging
 + Level 1.9 Shields
 - Level 3.0 Unarmed Combat
 + Level 3.9 Shapeshifting


You knew the following spells:

 Your Spells              Type           Power      Damage    Failure   Level
a - Freeze                Ice            0%         1d3       75%         1
b - Call Imp              Summ           0%         N/A       87%         2
Your spell library was empty.

Dungeon Overview and Level Annotations

Branches:
Dungeon (4/15)             Temple (0/1) D:4

Altars:
Zin

Shops:
D:2 :


Innate Abilities, Weirdness & Mutations

You are a hulking beast.
Your limbs bulge with bestial killing power. (Slay +2)
You are flying.
You are immune to sickness and miasma.
You are immune to poison.
Your flesh is very heat resistant. (rF++)
You are vulnerable to cold. (rC-)
You float through the air rather than walking.
You learn spells naturally, not from books.
Your magical power is your life essence.
You have superior vitality. (+4 MHP)


Message History

Unknown command.
You feel better. The orc priest barely misses you.
You feel better.
The orc priest calls down the wrath of Beogh upon you.
Beogh smites you!
* * * LOW HITPOINT WARNING * * *
You hit the orc priest but do no damage.
The orc priest is heavily wounded.
The orc priest invokes the aid of Beogh against you.
Pain shoots through your body!
* * * LOW HITPOINT WARNING * * *
Unknown command.
Casting: Freeze (safe; 75% risk of failure)
Confirm with . or Enter, or press ? or * to list all spells.
Okay, then.
Unknown command.
Unknown command.
Casting: Freeze (safe; 75% risk of failure)
Confirm with . or Enter, or press ? or * to list all spells.
You don't have enough health to cast this spell.
Unknown command.
Unknown command.
Casting: Freeze (safe; 75% risk of failure)
Confirm with . or Enter, or press ? or * to list all spells.
Okay, then.
Unknown command.
Unknown command.
Unknown command.
Casting: Freeze (safe; 75% risk of failure)
Confirm with . or Enter, or press ? or * to list all spells.
Okay, then.
Unknown command.
An orc priest is nearby!
The orc priest completely misses you.
You begin transforming.
You continue transforming.
The orc priest misses you.
You continue transforming.
The orc priest calls down the wrath of Beogh upon you.
Pain shoots through your body!
You die...

##.#..##..#..#..##.
#..†.......#.....#.
##........#........
####..###......#.#.
#.....# ...........
#.....# <##.##.####
#.##### #. #.
####.##### # #.
#....ho.># ..
#........#
#.......##
#.......# #.......#
#.......# ........#
###.######


You could see an orc priest.

Vanquished Creatures
  A hound (D:4)
  An iguana (D:4)
  8 adders
  4 endoplasms
  6 giant cockroaches
  4 goblins
  4 hobgoblins
  6 jackals (D:1)
  10 ball pythons
  6 bats
  4 frilled lizards
  4 kobolds
  3 rats
61 creatures vanquished.

Notes
Turn   | Place    | Note
-------+----------+-------------------------------------------
     0 | D:1      | mattiecakes the Djinni Shapeshifter began the quest for the
                  | Orb.
     0 | D:1      | Reached XP level 1. HP: 17/17 MP: 0/0
    27 | D:1      | Reached XP level 2. HP: 13/22 MP: 0/0
   515 | D:1      | Reached XP level 3. HP: 27/28 MP: 0/0
   515 | D:1      | Learned a level 1 spell: Freeze
  1306 | D:2      | Found Vululoge's Book Shoppe.
  1375 | D:2      | Reached XP level 4. HP: 34/34 MP: 0/0
  2112 | D:3      | Reached skill level 1 in Shields
  2435 | D:3      | Found a faded altar of an unknown god.
  2567 | D:4      | Reached XP level 5. HP: 30/40 MP: 0/0
  2567 | D:4      | Learned a level 2 spell: Call Imp
  3170 | D:4      | Found a glowing silver altar of Zin.
  3506 | D:4      | Found a staircase to the Ecumenical Temple.
  3519 | D:4      | HP: 1/40 [orc priest/nerve-wracking pain (8)]
  3522 | D:4      | Killed from afar by an orc priest

Illustrated notes

Levels and vault maps discovered:
D:1:      minmay_arrival_semitransparent, layout_basic, minmay_tetromino_o4
D:2:      layout_loops_ring, serial_shops, nicolae_book_shop_shelving
D:3:      layout_rooms, shapermc_ecumenical_altar_mp_vishouse
D:4:      minmay_chambers_of_twos, layout_loops_cross,
          mainiacjoe_overflow_surrounded_room, minmay_temple_entry_proselytizer

Skill      XL: |  1  2  3  4  5 |
---------------+----------------+-----
Shapeshifting  | 3 |  3.9
Fighting       | 2 3 |  3.4
Shields        | 1 |  1.9
Dodging        | |  2.1
Unarmed Combat | |  3.0

Action                     |  1- 3 |  4- 6 || total
---------------------------+-------+-------++-------
  Melee: Unarmed           |    99 |   133 ||   232
         Punch             |     1 |       ||     1
   Cast: Freeze            |       |     7 ||     7
    Use: Potion            |       |     8 ||     8
   Stab: Sleeping          |       |     1 ||     1
 Armour: Animal skin       |    51 |    88 ||   139
  Dodge: Dodged            |    63 |    79 ||   142
  Block: Kite shield       |       |    68 ||    68
   Form: Beast             |     2 |       ||     2
                           |     1 |       ||     1
         Flux              |       |     1 ||     1

Table legend: (Time is in decaauts)
 A = Elapsed time spent in this place.
 B = Non-inter-level travel time spent in this place.
 C = Inter-level travel time spent in this place.
 D = Time resting spent in this place.
 E = Time spent auto-exploring this place.
 F = Levels seen in this place.
 G = Mean time per level.
                   A        B        C        D        E       F      G
               +--------+--------+--------+--------+--------+-----+--------+
         Total |   3532 |   3476 |     56 |    769 |   2179 |   4 |  883.0 |
       Dungeon |   3532 |   3476 |     56 |    769 |   2179 |   4 |  883.0 |
               +--------+--------+--------+--------+--------+-----+--------+

Top non-repeatable levels by time:
     D:1: 1093 daAuts
     D:4: 1036 daAuts
     D:2: 778 daAuts
     D:3: 623 daAuts
